 Dungeon Crawl Stone Soup version 0.29-a0-283-ga02f740833 (webtiles) character file.

Game seed: 10585230243846289363

169537 Colgate the Scorcher (level 17, 0/89 HPs)
             Began as a Spriggan Enchanter on Mar 13, 2022.
             Was an Elder of Ashenzari.
             Killed from afar by a salamander tyrant (17 damage)
             ... with a flame surge
             ... on level 4 of the Snake Pit.
             The game lasted 03:32:21 (53722 turns).

Colgate the Scorcher (Spriggan Enchanter)          Turns: 53722, Time: 03:32:21

Health: 0/89       AC:  9    Str:  4    XL:     17   Next: 35%
Magic:  6/32       EV: 25    Int: 25    God:    Ashenzari [****..]
Gold:   1144       SH:  0    Dex: 15    Spells: 4/36 levels left

rFire   + . .      SeeInvis +   a - staff of fire
rCold   . . .      Faith    .   (shield currently unavailable)
rNeg    . . .      Spirit   .   d - +2 robe {Archmagi}
rPois   +          Reflect  .   M - +2 hat "Bound With Me" {Bglg, Elem} (curse)
rElec   .          Harm     .   s - +2 cloak "Ruined With Me" {Elem, Alch} (curse)
rCorr   .          Rampage  .   (gloves unavailable)
Will    +++..      Archmagi +   (boots unavailable)
Stlth   ++++...... Clarity  +   H - amulet of Star-Bound Wisdom {RegenMP, Bglg, Melee} (curse)
HPRegen 0.24/turn               m - ring of the Enlightened God {rPois, Comp, Fort} (curse)
MPRegen 0.63/turn               E - ring "Visionary of Ashenzari" {Will+, Elem, Cun} (curse)

@: weakened, very slightly contaminated, very quick
A: very small, no large weapons, unfitting armour, see invisible, speed 3
a: Renounce Religion, Curse Item, Shatter the Chains


You were on level 4 of the Snake Pit.
You worshipped Ashenzari.
Ashenzari was greatly pleased with you.
You visited 6 branches of the dungeon, and saw 29 of its levels.
You visited 1 bazaar.
You also visited: Ice Cave.

You collected 5265 gold pieces.
You spent 4121 gold pieces at shops.

Inventory:

Hand Weapons
 b - the +10 rapier of Cataclysm {pain, rF+ rC+}
   (You found it in an ice cave)

   In the hands of one skilled in necromantic magic, it inflicts extra damage on
   living creatures.
   rF:        It protects you from fire.
   rC:        It protects you from cold.
Missiles
 I - 2 throwing nets {!f}
 V - 6 curare-tipped darts
Armour
 d - a +2 robe of the Archmagi (worn)
 s - the cursed +2 cloak "Ruined With Me" (worn) {Elem, Alch}
   (You found it on level 2 of the Lair of Beasts)

   It has a curse which improves the following skills: Elements: Fire Magic, Ice
   Magic, Air Magic and Earth Magic.
   Alchemy:   Poison Magic and Transmutations.
 M - the cursed +2 hat "Bound With Me" (worn) {Bglg, Elem}
   (You found it on level 10 of the Dungeon)

   It has a curse which improves the following skills: Beguiling: Conjurations,
   Hexes and Translocations.
   Elements:  Fire Magic, Ice Magic, Air Magic and Earth Magic.
Magical Staves
 a - a staff of fire (weapon)
Jewellery
 m - the cursed ring of the Enlightened God (left hand) {rPois, Comp, Fort}
   (You found it on level 1 of the Dungeon)

   [ring of poison resistance]

   rPois:     It protects you from poison.
   It has a curse which improves the following skills: Companions: Summonings
   and Necromancy.
   Fortitude: Armour and Shields.
 E - the cursed ring "Visionary of Ashenzari" (right hand) {Will+, Elem, Cun}
   (You found it on level 5 of the Dungeon)

   [ring of willpower]

   Will:      It increases your willpower.
   It has a curse which improves the following skills: Elements: Fire Magic, Ice
   Magic, Air Magic and Earth Magic.
   Cunning:   Dodging and Stealth.
 H - the cursed amulet of Star-Bound Wisdom (around neck) {RegenMP, Bglg, Melee}
   (You found it on level 5 of the Dungeon)

   [amulet of magic regeneration]

   It increases your rate of magic regeneration.
   It has a curse which improves the following skills: Beguiling: Conjurations,
   Hexes and Translocations.
   Melee Combat: Short Blades, Long Blades, Axes, Maces & Flails, Polearms,
   Staves and Unarmed Combat.
Wands
 l - a wand of iceblast (15) {@v2}
 t - a wand of digging (14) {@v3}
 y - a wand of polymorph (17)
 A - a wand of flame (89)
 B - a wand of charming (8)
 R - a wand of acid (2) {@v1}
 S - a wand of mindburst (12)
 T - a wand of paralysis (13)
Scrolls
 c - 29 scrolls of teleportation {@r3}
 e - 4 scrolls of blinking {@r4}
 n - 3 scrolls of magic mapping {@r5}
 o - 4 scrolls of summoning
 p - 2 scrolls of torment
 q - 5 scrolls of immolation
 r - 3 scrolls of vulnerability
 u - 6 scrolls of brand weapon
 v - 3 scrolls of silence
 z - 2 scrolls of fog
 G - 5 scrolls of enchant weapon
 K - 3 scrolls of amnesia
 N - 3 scrolls of fear
 W - 3 scrolls of holy word
Potions
 f - 4 potions of haste {@q4}
 g - 17 potions of curing {@q1}
 h - 6 potions of cancellation
 i - 5 potions of mutation
 k - 3 potions of brilliance
 w - 6 potions of attraction
 x - 3 potions of resistance {@q5}
 C - a potion of flight
 D - 5 potions of invisibility
 J - 2 potions of lignification
 O - 3 potions of ambrosia
 P - 2 potions of magic
 Q - 4 potions of might {@q3}
 U - a potion of heal wounds {@q2}
 X - 2 potions of berserk rage
Miscellaneous
 j - a box of beasts (inert)
 F - a condenser vane (inert)
 L - a phantom mirror
 Y - a phial of floods


   Skills:
 - Level 10.0 Fighting
 - Level 2.0(3.5) Short Blades
 - Level 13.8 Bows
 - Level 11.0(12.9) Dodging
 - Level 5.4(7.3) Stealth
 - Level 10.1 Spellcasting
 - Level 1.1(2.9) Conjurations
 - Level 5.9(8.9) Hexes
 - Level 17.0(20.7) Fire Magic
 - Level 1.0(3.1) Ice Magic
 + Level 12.2(16.0) Air Magic
 - Level 9.0 Evocations


You had 4 spell levels left.
You knew the following spells:

 Your Spells              Type           Power      Damage    Failure   Level
a - Ensorcelled Hibernat  Hex/Ice        100%       N/A       1%          2
b - Tukima's Dance        Hex            72%        N/A       1%          3
c - Confusing Touch       Hex            72%        N/A       1%          3
d - Dazzling Flash        Conj/Hex       100%       N/A       1%          3
e - Starburst             Conj/Fire      52%        6d14      6%          6
f - Lightning Bolt        Conj/Air       37%        1d55      2%          5
g - Ignition              Fire           65%        3d17      7%          8
i - Passwall              Tmut/Erth      17%        N/A       6%          2

Your spell library contained the following spells:

 Spells                   Type           Power      Damage    Failure   Level
 Scorch                   Fire           100%       2d10      0%          2
 Shock                    Conj/Air       100%       1d9       1%          1
 Poisonous Vapours        Pois/Air       100%       N/A       1%          2
 Static Discharge         Conj/Air       74%        N/A       1%          2
 Swiftness                Air            96%        N/A       1%          3
 Airstrike                Air            48%        N/A       1%          4
 Flame Wave               Conj/Fire      100%       2d17      1%          4
 Portal Projectile        Hex/Tloc       100%       N/A       2%          3
 Summon Guardian Golem    Hex/Summ       52%        N/A       2%          3
 Animate Skeleton         Necr           40%        N/A       4%          1
 Pain                     Necr           80%        1d8       4%          1
 Sandblast                Erth           46%        2d11      4%          1
 Sting                    Tmut/Pois      80%        1d7       4%          1
 Summon Small Mammal      Summ           80%        N/A       4%          1
 Stone Arrow              Conj/Erth      64%        3d11      7%          3
 Leda's Liquefaction      Hex/Erth       26%        N/A       7%          4
 Anguish                  Hex/Necr       26%        N/A       8%          4
 Call Canine Familiar     Summ           20%        N/A       13%         3
 Spider Form              Tmut/Pois      20%        N/A       13%         3
 Vampiric Draining        Necr           20%        2d7       13%         3
 Iskenderun's Mystic Bla  Conj/Tloc      31%        2d8       24%         4
 Animate Armour           Summ/Erth      42%        N/A       38%         4
 Olgreb's Toxic Radiance  Pois           20%        N/A       41%         4
 Freezing Cloud           Conj/Ice/Air   32%        6-21      7%          5
 Conjure Ball Lightning   Conj/Air       37%        3x3d12    16%         6
 Maxwell's Capacitive Co  Air            48%        ∞         41%         8
 Irradiate                Conj/Tmut      15%        3d19      56%         5
 Agony                    Necr           20%        N/A       77%         5
 Blade Hands              Tmut           10%        N/A       77%         5
 Excruciating Wounds      Necr           10%        N/A       77%         5
 Simulacrum               Ice/Necr       15%        N/A       98%         6
 Statue Form              Tmut/Erth      14%        N/A       99%         6
 Summon Cactus Giant      Summ           10%        N/A       100%        6
 Dragon Form              Tmut           10%        N/A       100%        7
 Ozocubu's Refrigeration  Ice            21%        4d9       100%        7
 Borgnjor's Revivificati  Necr           10%        N/A       100%        8
 Discord                  Hex            36%        N/A       100%        8
 Disjunction              Tloc           11%        N/A       100%        8
 Necromutation            Tmut/Necr      10%        N/A       100%        8
 Chain Lightning          Conj/Air       37%        3d49      100%        9
 Death's Door             Necr           10%        N/A       100%        9
 Fire Storm               Conj/Fire      52%        8d13      100%        9
 Polar Vortex             Ice            21%        N/A       100%        9
 Shatter                  Erth           11%        3d12*     100%        9


Dungeon Overview and Level Annotations

Branches:
Dungeon (15/15)            Temple (1/1) D:5            Lair (6/6) D:9
 Shoals (1/4) Lair:3        Snake (4/4) Lair:2        Slime (0/5) Lair:6
    Orc (2/2) D:10            Elf (0/3) Orc:2        Vaults (0/5) D:13
 Depths (0/4) D:15          IceCv (visited)

Altars:
Ashenzari
Cheibriados
Dithmenos
Elyvilon
Fedhas
Gozag
Hepliaklqana
Kikubaaqudgha
Makhleb
Nemelex Xobeh
Okawaru
Qazlal
Ru
Sif Muna
Trog
Uskayaw
Vehumet
Wu Jian
Xom
Yredelemnul
Zin
The Shining One

Shops:
D:1 *   D:7 *   D:9 *   Orc:2 ![:**(:   Snake:1 [


Innate Abilities, Weirdness & Mutations

You are very small and have problems with some larger weapons.
You are too small for most types of armour.
You have supernaturally acute eyesight. (SInv)
You cover ground extremely quickly. (Speed+++)


Message History

The naga sharpshooter unwields a +0 short sword.
The naga sharpshooter wields a +0 shortbow.
The naga sharpshooter shoots an arrow.
The arrow hits you!
You feel a strong surge of power!
The bolt of fire hits the naga sharpshooter!!!
You kill the naga sharpshooter!
The salamander tyrant rends the earth beneath you!
The blast of magma engulfs you!! You partially resist.
The salamander tyrant rends the earth beneath you!
The blast of magma engulfs you! You partially resist.
You are too injured to fight recklessly!
Aiming: Lightning Bolt (dangerous; 2% risk of failure)
Aim: a salamander tyrant (78% to hit)
You feel a surge of power!
You miscast Lightning Bolt.
You are very lightly contaminated with residual magic.
Sparks of electricity dance around you!
The salamander tyrant gazes fiercely through you!
You feel your attacks grow feeble.
Aiming: Lightning Bolt (dangerous; 2% risk of failure)
Aim: a salamander tyrant (78% to hit)
You feel a surge of power!
You hear a mighty clap of thunder!
The bolt of lightning hits the salamander tyrant!
Aiming: Lightning Bolt (dangerous; 2% risk of failure)
Aim: a salamander tyrant (lightly wounded, 78% to hit)
You feel a surge of power!
You hear a mighty clap of thunder!
The bolt of lightning hits the salamander tyrant!!
The salamander tyrant calls gouts of flame from the lava!
The flame surge hits you! You resist.
* * * LOW HITPOINT WARNING * * *
Aiming: Lightning Bolt (dangerous; 2% risk of failure)
Aim: a salamander tyrant (heavily wounded, 78% to hit)
You feel a surge of power!
You hear a mighty clap of thunder!
The bolt of lightning hits the salamander tyrant!
You hear a shout!
You hear an angry hiss.
The salamander tyrant calls gouts of flame from the lava!
The flame surge hits you! You resist.
You die...

####.......)..
####.........[[
####...........#
####............#
####.............#
#####...#..........#
#####...###.........#
####.≈≈.##
#..........
####≈≈@### #.........
####...### *
..........
###....#### *
,..#####...
##...##### ,,,,##
#... #..N##### ,* *
#... #...##### , *
##.. #.)##### * ##..
#..., * * , ** *
,.... #... ,,, * *
,....


You could see a salamander tyrant.

Vanquished Creatures
  Jorgrun (Lair:2)
  Rupert (D:12)
  Kirke (Snake:3)
  2 nagarajas
  Nessos (Lair:6)
  4 dire elephants (Lair:6)
  The ghost of anet the Slicer, a journeyman MiBe of Trog (Lair:3)
  Snorg (Lair:5)
  The ghost of Loklulaf the Cleaver, a journeyman DgGl (Orc:1)
  An ettin (Orc:2)
  A fire dragon (D:15)
  Fannar (Orc:1)
  Josephine (D:15)
  7 hydras
  5 boulder beetles
  9 naga warriors
  4 salamander tyrants
  An ice dragon (D:15)
  7 centaur warriors
  The ghost of Astera the Eclecticist, a journeyman SpEE of Gozag (Orc:2)
  2 catoblepae
  8 two-headed ogres
  A death knight (D:15)
  17 anacondas
  7 orc high priests
  5 death yaks (Lair:4)
  7 shock serpents
  Urug (D:13)
  8 naga sharpshooters
  7 skeletal warriors
  A spectral anaconda (Lair:6)
  3 salamander mystics
  An obsidian statue (Lair:6)
  7 mana vipers
  6 naga ritualists
  3 lindwurms
  5 orc knights (Orc:2)
  An orc sorcerer (Orc:1)
  4 necromancers (Lair:6)
  A deep elf pyromancer (D:15)
  7 ugly things
  3 manticores
  6 cyclopes
  16 salamanders
  4 elephants (Lair:6)
  Maurice (D:8)
  A dire elephant zombie (Lair:6)
  25 black mambas
  2 ice statues (IceCv)
  Joseph (D:8)
  6 guardian serpents
  12 naga magi
  A smoke demon (D:15)
  2 gargoyles
  19 cane toads
  A kobold demonologist (D:11)
  A hellion (D:14)
  4 yaktaurs (D:15)
  7 rime drakes
  A freezing wraith (IceCv)
  14 komodo dragons
  An entropy weaver simulacrum (IceCv)
  A komodo dragon (shapeshifter) (D:13)
  3 meliai (D:14)
  A polar bear (D:9)
  4 trolls
  4 hornets
  21 blink frogs
  8 slime creatures
  5 dream sheep (Lair:3)
  2 spectral elephants (Lair:6)
  A snapping turtle (Lair:3)
  A centaur simulacrum (D:15)
  A vampire (D:13)
  6 wraiths
  A water elemental (D:14)
  45 yaks
  3 shadows
  A dire elephant simulacrum (Lair:6)
  9 wyverns
  16 humans (D:13)
  12 basilisks
  Eustachio (D:5)
  Grum (D:8)
  4 hogs (Snake:3)
  A steam dragon (D:4)
  2 death yak simulacra
  A spectral cane toad (Lair:6)
  5 wargs
  27 nagas
  An acid dragon (D:11)
  23 water moccasins
  Duvessa (D:4)
  A sky beast (D:7)
  A swamp drake (Snake:1)
  3 black bears
  35 orc warriors
  An ice beast (D:5)
  5 ogres
  5 boggarts (D:15)
  2 elephant zombies (Lair:6)
  14 wolves
  13 centaurs
  3 phantoms (D:5)
  A kobold brigand (D:6)
  A lemure (D:14)
  17 bullfrogs
  A gnoll sergeant (D:6)
  3 scorpions
  A necrophage (D:7)
  14 wights
  2 jellies
  An elephant simulacrum (IceCv)
  3 killer bees (D:7)
  A vampire bat (Lair:1)
  An electric eel (D:13)
  3 lava snakes (D:9)
  A hound (D:4)
  28 orc priests
  A gnoll shaman (D:8)
  Natasha (thrice) (D:3)
  8 iguanas
  13 orc wizards
  7 hell rats (D:14)
  A polar bear simulacrum (IceCv)
  Robin (D:4)
  16 gnolls
  10 adders
  2 shadow imps
  14 white imps
  6 ufetubi
  3 worms
  2 dart slugs
  76 orcs
  9 ball pythons
  4 endoplasms (D:1)
  4 giant cockroaches
  11 goblins
  9 hobgoblins
  5 jackals
  A quokka (D:2)
  9 bats
  3 frilled lizards
  11 kobolds
  6 rats
889 creatures vanquished.

Vanquished Creatures (collateral kills)
  A yaktaur (D:15)
  2 centaurs
  Dowan (D:4)
4 creatures vanquished.

Vanquished Creatures (others)
  3 dancing weapons
  31 fungi
  54 plants
  21 withered plants (Lair:6)
109 creatures vanquished.

Grand Total: 1002 creatures vanquished

Notes
Turn   | Place    | Note
-------+----------+-------------------------------------------
     0 | D:1      | Colgate the Spriggan Enchanter began the quest for the Orb.
     0 | D:1      | Reached XP level 1. HP: 9/9 MP: 5/5
   319 | D:1      | Found Inkeut's Assorted Antiques.
   490 | D:1      | Reached XP level 2. HP: 13/13 MP: 6/6
   494 | D:1      | Learned a level 2 spell: Ensorcelled Hibernation
   579 | D:1      | Reached skill level 1 in Air Magic
  1017 | D:1      | Found a faded altar of an unknown god.
  1020 | D:1      | Prayed at the altar of an unknown god.
  1020 | D:1      | Became a worshipper of Ashenzari the Shackled
  1128 | D:1      | Bought a viscous emerald potion for 23 gold pieces
  1128 | D:1      | Bought a glowing purple potion for 23 gold pieces
  1128 | D:1      | Bought a scroll labelled VIECSI UMOEJITI for 26 gold pieces
  1331 | D:1      | Found a broken altar of Ashenzari.
  1534 | D:1      | Found Inkeut's Assorted Antiques.
  2024 | D:2      | Reached skill level 1 in Ice Magic
  2229 | D:2      | Reached XP level 3. HP: 16/16 MP: 4/8
  3058 | D:3      | Noticed Natasha
  3060 | D:3      | Killed Natasha
  3061 | D:3      | Reached skill level 5 in Hexes
  3061 | D:3      | Reached XP level 4. HP: 21/21 MP: 9/9
  3065 | D:3      | Learned a level 3 spell: Tukima's Dance
  3069 | D:3      | Learned a level 3 spell: Confusing Touch
  3239 | D:3      | Reached skill level 5 in Stealth
  3275 | D:3      | Noticed Natasha
  3363 | D:3      | Killed Natasha
  3364 | D:3      | Reached XP level 5. HP: 24/24 MP: 3/10
  3450 | D:3      | Reached * piety under Ashenzari
  3450 | D:3      | Identified a scroll of acquirement
  3451 | D:3      | Acquired 1220 gold pieces
  3575 | D:1      | Bought a phantom mirror for 1040 gold pieces
  3575 | D:1      | Bought a tiny filigree amulet for 130 gold pieces
  4111 | D:3      | Noticed Natasha
  4459 | D:1      | Bought a transparent shortbow for 208 gold pieces
  4459 | D:1      | Identified the +7 shortbow "Cofot" {freeze, rElec Int-3
                  | Dex+7} (You bought it in a shop on level 1 of the Dungeon)
  4935 | D:3      | Killed Natasha
  5591 | D:4      | Reached ** piety under Ashenzari
  5591 | D:4      | Reached *** piety under Ashenzari
  5597 | D:4      | Noticed Robin
  5704 | D:4      | Killed Robin
  5705 | D:4      | Reached skill level 1 in Bows
  5715 | D:4      | Identified the cursed +0 cloak of Supernal Gnosis {Comp,
                  | Self} (You found it on level 1 of the Dungeon)
  5715 | D:4      | Identified the cursed +0 robe of Ashenzari's Mistrust
                  | {Elem, Fort}
  5767 | D:4      | Noticed a black bear
  5801 | D:4      | Killed a black bear
  5802 | D:4      | Reached XP level 6. HP: 28/28 MP: 14/14
  5963 | D:4      | Noticed Duvessa
  5963 | D:4      | Noticed Dowan
  5981 | D:4      | Killed Duvessa
  5982 | D:4      | Reached skill level 5 in Bows
  6215 | D:4      | Killed Dowan
  6241 | D:4      | Reached XP level 7. HP: 32/32 MP: 15/15
  6535 | D:4      | Noticed a steam dragon
  6780 | D:5      | Entered Level 5 of the Dungeon
  6803 | D:5      | Reached **** piety under Ashenzari
  7033 | D:5      | Reached XP level 8. HP: 36/36 MP: 16/16
  7325 | D:5      | Found a staircase to the Ecumenical Temple.
  7329 | D:5      | Noticed a hornet
  7377 | D:5      | Killed a hornet
  7378 | D:5      | Reached skill level 10 in Bows
  7650 | Temple   | Entered the Ecumenical Temple
  8182 | D:6      | Noticed Eustachio
  8202 | D:5      | Killed Eustachio
  8372 | D:6      | Reached skill level 1 in Fighting
  8438 | D:6      | Reached XP level 9. HP: 43/43 MP: 17/17
  8580 | D:6      | Identified the +6 flail of Premature Burial {vamp, MP-9
                  | Str+3 SInv Stlth+}
  9718 | D:7      | Learned a level 3 spell: Dazzling Flash
  9753 | D:7      | Reached ***** piety under Ashenzari
  9780 | D:7      | Found Voca's Assorted Antiques.
  9791 | D:7      | Bought a scroll labelled HATRUIFYLY for 34 gold pieces
  9791 | D:7      | Bought a steel ring for 170 gold pieces
 10049 | D:7      | Found an opulent altar of Gozag.
 10053 | D:7      | Found a hazy altar of Hepliaklqana.
 10212 | D:8      | Noticed Grum
 10221 | D:8      | Reached skill level 5 in Dodging
 10226 | D:8      | Killed Grum
 10247 | D:8      | Reached XP level 10. HP: 51/51 MP: 18/18
 10423 | D:8      | Noticed Joseph
 10456 | D:8      | Killed Joseph
 10461 | D:8      | Learned a level 3 spell: Swiftness
 10530 | D:8      | Noticed Maurice
 10553 | D:8      | Killed Maurice
 11638 | D:9      | Reached skill level 5 in Fighting
 11650 | D:9      | Noticed a two-headed ogre
 11680 | D:9      | Killed a two-headed ogre
 11898 | D:9      | Found Neabbec's Assorted Antiques.
 11907 | D:9      | Bought a fuming brown potion for 23 gold pieces
 11950 | D:9      | Found a staircase to the Lair.
 11953 | D:9      | Noticed a two-headed ogre
 11967 | D:9      | Killed a two-headed ogre
 11968 | D:9      | Reached XP level 11. HP: 60/60 MP: 19/19
 12254 | D:9      | Found a staircase to the Lair.
 12318 | D:9      | Found Neabbec's Assorted Antiques.
 12681 | D:10     | Entered Level 10 of the Dungeon
 13137 | D:10     | Found a staircase to the Orcish Mines.
 13879 | D:11     | Reached skill level 1 in Fire Magic
 13897 | D:11     | Noticed a two-headed ogre
 13904 | D:11     | Killed a two-headed ogre
 13905 | D:11     | Reached skill level 2 in Fire Magic
 13960 | D:11     | Reached skill level 3 in Fire Magic
 14075 | D:11     | Noticed a two-headed ogre
 14080 | D:11     | Killed a two-headed ogre
 14081 | D:11     | Reached skill level 5 in Spellcasting
 14283 | D:11     | Noticed a two-headed ogre
 14287 | D:11     | Killed a two-headed ogre
 14288 | D:11     | Reached skill level 4 in Fire Magic
 14560 | Lair:1   | Entered Level 1 of the Lair of Beasts
 14592 | D:9      | Reached skill level 5 in Fire Magic
 15068 | Lair:1   | Reached skill level 6 in Fire Magic
 15071 | Lair:1   | Noticed a five-headed hydra
 15088 | Lair:1   | Killed a five-headed hydra
 15786 | Lair:2   | Identified the +7 rapier of Zocwoebb {flame, rElec rF+
                  | Stlth-}
 15819 | Lair:2   | Reached XP level 12. HP: 66/66 MP: 24/24
 15858 | Lair:2   | Reached skill level 7 in Fire Magic
 16106 | Lair:2   | Reached skill level 8 in Fire Magic
 16270 | Lair:2   | Found a staircase to the Snake Pit.
 16781 | Lair:2   | Found a staircase to the Snake Pit.
 17157 | Lair:3   | Reached skill level 9 in Fire Magic
 17418 | Lair:3   | Reached skill level 10 in Fire Magic
 17544 | Lair:3   | Reached skill level 1 in Conjurations
 17879 | Lair:3   | Noticed an eight-headed hydra
 17900 | Lair:3   | Killed an eight-headed hydra
 17944 | Lair:3   | Found a runed translucent gate.
 17944 | Lair:3   | Found a runed translucent gate.
 17944 | Lair:3   | Found a runed translucent gate.
 17945 | Lair:3   | Noticed an 11-headed hydra
 17947 | Lair:3   | Noticed anet's ghost (journeyman MiBe)
 18005 | Lair:3   | Reached XP level 13. HP: 70/70 MP: 27/27
 18198 | Lair:3   | Killed anet's ghost
 18264 | Lair:3   | Found a staircase to the Shoals.
 18341 | Lair:3   | Reached skill level 11 in Fire Magic
 18888 | Lair:4   | Reached skill level 12 in Fire Magic
 19440 | Lair:4   | Identified the Catalogue of Clay
 19577 | Lair:4   | Found the +8 whip "Snakebite" {venom, curare, rPois}
 20602 | Lair:5   | Reached ****** piety under Ashenzari
 20934 | D:1      | Bought a thick jewelled staff for 312 gold pieces
 21866 | Lair:5   | Reached skill level 13 in Fire Magic
 22542 | Lair:6   | Entered Level 6 of the Lair of Beasts
 22542 | Lair:6   | Noticed Nessos
 22823 | Lair:6   | Noticed Snorg
 23091 | Lair:5   | Killed Snorg
 23122 | Lair:5   | Learned a level 4 spell: Flame Wave
 23172 | Lair:6   | Found a staircase to the Slime Pits.
 23273 | Lair:6   | Reached XP level 14. HP: 72/72 MP: 27/27
 23769 | Lair:5   | Reached skill level 14 in Fire Magic
 23778 | Lair:5   | Learned a level 8 spell: Ignition
 23927 | Lair:6   | Killed Nessos
 25732 | Lair:6   | Reached skill level 15 in Fire Magic
 26346 | Lair:6   | Learned a level 3 spell: Portal Projectile
 26664 | Orc:1    | Entered Level 1 of the Orcish Mines
 26894 | Orc:2    | Entered Level 2 of the Orcish Mines
 26904 | Orc:2    | Found Kauwita's Book Shop.
 26980 | Orc:2    | Found Waach's Overcharged Wands.
 27259 | Orc:2    | Noticed Astera's ghost (journeyman SpEE)
 27280 | Orc:2    | Found a runed translucent door.
 27378 | Orc:2    | Found a staircase to the Elven Halls.
 27410 | Orc:2    | Found Ekhoatat's Weapon Shop.
 28242 | Orc:2    | Reached skill level 16 in Fire Magic
 28569 | Orc:2    | Found Qizas's Book Emporium.
 28572 | Orc:2    | Found Etesmyemuo's Armour Shoppe.
 28573 | Orc:2    | Found Kadd's General Store.
 28574 | Orc:2    | Found Carufax's Distillery.
 28734 | Orc:2    | Killed Astera's ghost
 28807 | Orc:1    | Noticed Fannar
 28810 | Orc:1    | Reached skill level 10 in Spellcasting
 28810 | Orc:1    | Reached XP level 15. HP: 74/75 MP: 13/30
 28815 | Orc:1    | Killed Fannar
 28955 | Orc:1    | Found a runed translucent door.
 28957 | Orc:1    | Noticed Loklulaf's ghost (journeyman DgGl)
 29162 | Orc:1    | Identified the +8 chain mail "Paac" {Slay+3 SInv}
 29324 | Orc:2    | Learned a level 6 spell: Starburst
 29409 | D:12     | Noticed Rupert
 29493 | D:12     | Found a flickering gateway to a bazaar.
 29602 | D:12     | Acquired 779 gold pieces
 29608 | Bazaar   | Entered a bazaar
 29693 | Bazaar   | Found Nienn's Assorted Antiques.
 29708 | Bazaar   | Found Iqahirra's Magic Scroll Emporium.
 29723 | Bazaar   | Found Umoschoil's Weapon Shoppe.
 29738 | Bazaar   | Found Zun Ner's Distillery.
 29738 | Bazaar   | Found Jaymn's Magic Scroll Shoppe.
 30047 | Bazaar   | Bought a runed robe for 85 gold pieces
 30049 | Bazaar   | Bought a small bronze ring for 115 gold pieces
 30069 | Bazaar   | Bought 2 scrolls of teleportation for 72 gold pieces
 30103 | Bazaar   | Bought a scroll of teleportation for 33 gold pieces
 30103 | Bazaar   | Bought a scroll of blinking for 82 gold pieces
 30103 | Bazaar   | Bought a scroll of teleportation for 33 gold pieces
 30103 | Bazaar   | Bought a scroll of teleportation for 33 gold pieces
 30103 | Bazaar   | Bought a scroll of blinking for 82 gold pieces
 30109 | Bazaar   | Bought a potion of haste for 150 gold pieces
 30109 | Bazaar   | Bought a potion of curing for 45 gold pieces
 30109 | Bazaar   | Bought a potion of haste for 150 gold pieces
 30109 | Bazaar   | Bought a potion of cancellation for 120 gold pieces
 30109 | Bazaar   | Bought a potion of mutation for 120 gold pieces
 30147 | Bazaar   | Bought a box of beasts for 920 gold pieces
 30147 | Bazaar   | Bought a potion of brilliance for 92 gold pieces
 31375 | D:12     | Killed Rupert
 31571 | D:13     | Noticed Urug
 31571 | D:13     | Found a gate to the Vaults.
 31573 | D:13     | Reached skill level 10 in Dodging
 31574 | D:13     | Killed Urug
 31915 | D:13     | Found a frozen archway.
 31986 | IceCv    | Entered an ice cave
 32028 | IceCv    | Found a transporter.
 32034 | IceCv    | Identified the +10 rapier of Cataclysm {pain, rF+ rC+}
 32045 | IceCv    | Found a transporter.
 35215 | D:14     | Reached skill level 10 in Fighting
 36265 | D:15     | Entered Level 15 of the Dungeon
 36413 | D:15     | Noticed Josephine
 36428 | D:15     | Killed Josephine
 37217 | D:15     | Found an iron altar of Okawaru.
 38177 | D:15     | Found a staircase to the Depths.
 38401 | D:15     | Reached XP level 16. HP: 78/85 MP: 14/31
 39374 | Snake:1  | Entered Level 1 of the Snake Pit
 39649 | Snake:1  | Reached skill level 17 in Fire Magic
 39897 | Snake:1  | Noticed Jorgrun
 39907 | Snake:1  | HP: 4/85 [Jorgrun/blast of rock fragments (18)]
 40267 | Lair:2   | Killed Jorgrun
 41485 | Snake:1  | Found Waq Roema's Armour Emporium.
 42084 | Snake:1  | Found Waq Roema's Armour Emporium.
 42697 | Snake:1  | Learned a level 2 spell: Passwall
 43584 | Snake:2  | Reached skill level 5 in Air Magic
 44280 | Snake:2  | Learned a level 5 spell: Lightning Bolt
 45530 | Snake:3  | Noticed Kirke
 45972 | Snake:3  | Killed Kirke
 46173 | Snake:3  | Identified the ring "Quanoyff" {rC+ Str+9}
 46395 | Shoals:1 | Entered Level 1 of the Shoals
 47245 | Orc:1    | Killed Loklulaf's ghost
 47486 | Snake:4  | Entered Level 4 of the Snake Pit
 48767 | Snake:4  | Reached skill level 10 in Air Magic
 49038 | Snake:4  | Reached XP level 17. HP: 89/89 MP: 9/32
 53722 | Snake:4  | Killed from afar by a salamander tyrant

Illustrated notes

Levels and vault maps discovered:
D:1:      lightli_arrival_maybe_door_vault, layout_loops_ring,
          hellmonk_ecumenical_altar_inner_sanctum, serial_shops,
          nicolae_lakefront_shop
D:2:      layout_basic
D:3:      layout_loops_ring, minivault_19, minmay_misc_feat_cross,
          kennysheep_generic_room_2, uniq_natasha
D:4:      layout_basic, uniq_robin, uniq_duvessa
D:5:      layout_loops_ring, minmay_temple_entry_junction
D:6:      cheibrodos_thug_alley, layout_cave_pools, uniq_eustachio
D:7:      layout_cave_pods, gammafunk_temple_overflow_wave, serial_shops,
          nicolae_stop_n_shop_1
D:8:      layout_cave_pods, st_stairs_13, uniq_grum, uniq_maurice, uniq_joseph
D:9:      layout_big_octagon, dpeg_oklobed_lair, serial_shops,
          nicolae_diamond_shop
D:10:     layout_loops_ring, david_orc_1_choice, serial_glass, glass_columns_c,
          glass_columns_a
D:11:     layout_irregular_city
D:12:     layout_basic, serial_shops, bzr_entry_gold,
          hangedman_abyss_or_decor_stagger, serial_bayou_pond_d, uniq_rupert
D:13:     layout_basic, david_vaults_3, portal_ice_cave_entry_imps
D:14:     layout_long_grid, serial_park_fountain, special_room
          [special_room_mythical_zoo]
D:15:     grunt_enter_depths_hoard, layout_gridville, minmay_misc_feat_ornament,
          okawaru_altar_gauntlet_db, uniq_josephine
Temple:   mainiacjoe_temple_cubbyholes
Lair:1:   layout_gridlike, roderic_batcave, infiniplex_staircase_pool_2,
          serial_bayou_shore_a, grunt_megastairs_5, lemuel_fruit_tree
Lair:2:   layout_regular_city, guppyfry_snake_entry_island, beast_lair_carwin_10
Lair:3:   layout_long_grid, minmay_shoals_entry_hut, gammafunk_ghost_hydra_chop,
          chequers_serial_rivers_micro_e
Lair:4:   minmay_guarded_unrand_snakebite, layout_gridlike, grunt_megastairs_4,
          lemuel_fruit_fields
Lair:5:   layout_cave_pods
Lair:6:   due_jungle_book, layout_misc_corridors, minmay_slime_entry_pillars,
          uniq_snorg, uniq_nessos
Shoals:1: cheibrodos_shoals_three_sisters, layout_shoals, serial_shops, shop
Snake:1:  layout_layer_cave, serial_shops, nicolae_shop_trees, uniq_jorgrun
Snake:2:  layout_onion_interference
Snake:3:  nrook_guardian_serpent_snake_passage, layout_cave_town,
          nicolae_coiled_stairwell_up, uniq_kirke
Snake:4:  grunt_snake_rune_pools, layout_onion, minmay_shop_grove
Orc:1:    layout_caves, ebering_ghost_reflecting_pool, uniq_fannar
Orc:2:    st_orc_pillars, layout_diamond_mine, serial_shops, shop,
          nicolae_shop_trees, ebering_ghost_reflecting_pool,
          nicolae_shop_overcharged_wands

Skill      XL: |  1  2  3  4  5  6  7  8  9 10 11 12 13 14 15 16 17 |
---------------+----------------------------------------------------+-----
Short Blades   | 2 |  2.0
Air Magic      | 1 3 10 12 | 12.2
Ice Magic      | 1 |  1.0
Hexes          | 4 5 |  5.9
Stealth        | 5 |  5.4
Spellcasting   | 3 5 7 8 10 | 10.1
Bows           | 3 5 8 11 13 | 13.8
Evocations     | 2 3 6 9 |  9.0
Fighting       | 1 2 6 7 10 | 10.0
Dodging        | 6 7 8 11 | 11.0
Fire Magic     | 6 10 13 16 17 | 17.0
Conjurations   | 1 |  1.1

Action                   |  1- 3 |  4- 6 |  7- 9 | 10-12 | 13-15 | 16-18 || total
-------------------------+-------+-------+-------+-------+-------+-------++-------
Melee: Rapier            |    27 |     4 |       |       |       |       ||    31
       Dagger            |    34 |    17 |       |       |       |       ||    51
       Punch             |     1 |       |       |       |       |       ||     1
       Unarmed           |       |     8 |       |       |       |       ||     8
       Staff             |       |       |       |       |     5 |    13 ||    18
 Fire: Shortbow          |       |    38 |   260 |   698 |  1512 |       ||  2508
 Cast: Ensorcelled Hiber |    18 |    22 |       |       |       |       ||    40
       Tukima's Dance    |       |       |     1 |     7 |     6 |     4 ||    18
       Ignition          |       |       |       |       |    69 |    81 ||   150
       Portal Projectile |       |       |       |       |     6 |       ||     6
       Starburst         |       |       |       |       |    93 |   148 ||   241
       Lightning Bolt    |       |       |       |       |       |   103 ||   103
Invok: Curse Item        |     1 |     2 |     3 |     1 |     2 |     1 ||    10
       Shatter the Chain |       |       |     1 |     1 |     2 |     1 ||     5
Evoke: Phantom mirror    |       |     1 |       |       |       |       ||     1
       Wand              |       |       |       |       |    13 |     4 ||    17
       Phial of floods   |       |       |       |       |       |     1 ||     1
       Box of beasts     |       |       |       |       |       |     1 ||     1
       Condenser vane    |       |       |       |       |       |     1 ||     1
  Use: Scroll            |       |     2 |       |     1 |     6 |     5 ||    14
 Stab: Sleeping          |    29 |    17 |       |       |       |       ||    46
       Confused          |       |     3 |       |       |       |       ||     3
Armor: Robe              |     7 |       |       |     5 |    18 |    12 ||    42
Dodge: Dodged            |    31 |    22 |    15 |    48 |   213 |   106 ||   435

Table legend: (Time is in decaauts)
 A = Elapsed time spent in this place.
 B = Non-inter-level travel time spent in this place.
 C = Inter-level travel time spent in this place.
 D = Time resting spent in this place.
 E = Time spent auto-exploring this place.
 F = Levels seen in this place.
 G = Mean time per level.
                   A        B        C        D        E       F      G
               +--------+--------+--------+--------+--------+-----+--------+
         Total |  39189 |  35152 |   4037 |   5035 |  22899 |  31 | 1264.2 |
       Dungeon |  17414 |  14977 |   2437 |    833 |  11298 |  15 | 1160.9 |
        Temple |    261 |    245 |     16 |      0 |    223 |   1 |  261.0 |
          Lair |   9193 |   8292 |    901 |    406 |   5855 |   6 | 1532.2 |
        Shoals |      1 |      0 |      1 |      0 |      0 |   1 |    1.0 |
     Snake Pit |   9690 |   9161 |    529 |   3759 |   4018 |   4 | 2422.5 |
  Orcish Mines |   2085 |   1935 |    150 |      0 |   1299 |   2 | 1042.5 |
        Bazaar |    388 |    388 |      0 |      0 |    115 |   1 |  388.0 |
      Ice Cave |    153 |    153 |      0 |     36 |     89 |   1 |  153.0 |
               +--------+--------+--------+--------+--------+-----+--------+

Top non-repeatable levels by time:
 Snake:3: 4244 daAuts
  Lair:6: 2371 daAuts
 Snake:4: 2290 daAuts
  Lair:2: 1990 daAuts
    D:14: 1978 daAuts
 Snake:1: 1875 daAuts
     D:1: 1736 daAuts
    D:15: 1733 daAuts
   Orc:2: 1579 daAuts
  Lair:5: 1569 daAuts
     D:3: 1459 daAuts
    D:13: 1383 daAuts
    D:12: 1347 daAuts
  Lair:4: 1284 daAuts
     D:4: 1281 daAuts
